 Dungeon Crawl Stone Soup version 0.32-a0-913-g739538a (webtiles) character file.

Game seed: 3676873452010432933

39 Caterwaul the Slasher (level 3, -3/27 HPs)
             Began as a Coglin Warper on Apr 8, 2024.
             Slain by an iguana (7 damage)
             ... on level 2 of the Dungeon.
             The game lasted 00:01:01 (598 turns).

Caterwaul the Slasher (Coglin Warper)                Turns: 598, Time: 00:01:01

Health: -3/27      AC:  3    Str: 11    XL:     3   Next: 47%
Magic:  5/5        EV: 10    Int: 12    God:
Gold:   33         SH:  0    Dex: 15    Spells: 5/5 levels left

rFire   . . .        a - +0 falchion {Kagemori}
rCold   . . .        g - +1 dagger (vamp) {Soledad}
rNeg    . . .        b - +0 leather armour
rPois   .            (no helmet)
rElec   .            (no cloak)
rCorr   .            (no gloves)
SInv    .            (no boots)
Will    .....        (amulet unavailable)
Stlth   +            (ring unavailable)
HPRegen 0.24/turn    (ring unavailable)
MPRegen 0.09/turn    (no gizmo)

%: no passive effects
@: lethally poisoned (-3 -> -5), revved
A: off-hand wielding, slow wielding, warmup strikes, no jewellery
a: Invent Gizmo


You were on level 2 of the Dungeon.
You visited 1 branch of the dungeon, and saw 2 of its levels.

You collected 33 gold pieces.

Inventory:

Hand Weapons
 a - a +0 falchion (weapon) {Kagemori}
 g - a +1 vampiric dagger (offhand) {Soledad}
Missiles
 d - 7 darts of dispersal (quivered)
 j - 4 silver javelins
Armour
 b - a +0 leather armour (worn)
Scrolls
 c - a scroll of blinking
 e - a scroll of immolation {unknown}
 f - a scroll of amnesia {unknown}
 i - a scroll of noise {unknown}
 k - a scroll of teleportation {unknown}
Potions
 h - a potion of haste {unknown}
 l - a potion of lignification {unknown}


   Skills:
 - Level 2.0 Fighting
 + Level 3.8 Long Blades
 - Level 0.8 Throwing
 - Level 0.8 Armour
 - Level 1.7 Dodging
 - Level 1.7 Spellcasting
 - Level 3.0 Translocations


You had 5 spell levels left.
You didn't know any spells.
Your spell library contained the following spells:

 Spells                   Type           Power      Damage    Failure   Level
 Blink                    Tloc           16%        N/A       16%         2
 Lesser Beckoning         Tloc           16%        N/A       16%         2
 Momentum Strike          Conj/Tloc      8%         3d8       30%         2
 Maxwell's Portable Pile  Tloc           8%         2d(6-16)  32%         3
 Teleport Other           Tloc           8%         N/A       32%         3
 Vhi's Electric Charge    Tloc/Air       8%         N/A       89%         4


Dungeon Overview and Level Annotations

Branches:
Dungeon (2/15)

Altars:


Innate Abilities, Weirdness & Mutations

You can wield a second weapon in your off-hand.
It takes a long time for you to wield or remove held weapons.
Your first few attacks do less damage.
You cannot equip rings or amulets.


Message History

You are too injured to fight recklessly!
You are too injured to fight recklessly!
You are too injured to fight recklessly!
You are too injured to fight recklessly!
You are too injured to fight recklessly!
You are too injured to fight recklessly!
You are too injured to fight recklessly!
You are too injured to fight recklessly!
You are too injured to fight recklessly!
You are too injured to fight recklessly!
You are too injured to fight recklessly!
You are too injured to fight recklessly!
You are too injured to fight recklessly!
Unknown command.
You miss the adder with your +0 falchion.
The adder is heavily wounded.
You closely miss the adder with your +1 vampiric dagger.
The adder closely misses you.
You barely miss the adder with your +1 vampiric dagger.
The adder is heavily wounded.
You barely miss the adder with your +0 falchion.
The adder bites you.
* * * LOW HITPOINT WARNING * * *
The adder bites you.
* * * LOW HITPOINT WARNING * * *
You are poisoned.
The adder poisons you!
You closely miss the adder with your +1 vampiric dagger.
The adder is heavily wounded.
You closely miss the adder with your +0 falchion.
You feel sick. The adder misses you.
You barely miss the adder with your +1 vampiric dagger.
The adder is heavily wounded.
You slash the adder with your +0 falchion!
You kill the adder!
You feel sick.
You hit the iguana with your +0 falchion.
The iguana is moderately wounded.
You hit the iguana but do no damage.
You feel sick. The iguana bites you!
You die...

♣♣ ♣♣♣♣♣.
..... ♣...
♣...♣♣♣♣
♣.gl@.♣♣
♣....♣♣♣♣.♣♣
...♣♣ ♣♣.♣ .
♣♣.♣ ♣♣..♣
♣.♣♣♣ ♣♣♣.♣♣
♣♣.†..♣♣♣
♣..♣♣.†.♣


You could see an iguana and a goblin.

Vanquished Creatures
  An adder (D:2)
  2 dart slugs (D:1)
  2 endoplasms
  2 giant cockroaches (D:1)
  3 hobgoblins
  2 quokkas (D:1)
  4 ball pythons (D:1)
  2 bats
  3 frilled lizards (D:1)
  2 goblins
  A kobold (D:1)
  3 rats
27 creatures vanquished.

Notes
Turn   | Place    | Note
-------+----------+-------------------------------------------
     0 | D:1      | Caterwaul the Coglin Warper began the quest for the Orb.
     0 | D:1      | Reached XP level 1. HP: 16/16 MP: 3/3
   121 | D:1      | Reached XP level 2. HP: 22/22 MP: 4/4
   484 | D:2      | Reached XP level 3. HP: 27/27 MP: 5/5
   598 | D:2      | Slain by an iguana

Illustrated notes

Levels and vault maps discovered:
D:1:      co_arrival_random_square_maze, layout_basic
D:2:      kb_forest_paths, layout_basic

Skill      XL: |  1  2 |
---------------+-------+-----
Long Blades    | 3 |  3.8
Fighting       | |  2.0
Throwing       | |  0.8
Armour         | |  0.8
Dodging        | |  1.7
Spellcasting   | |  1.7
Translocations | |  3.0

Action                     || total
---------------------------++-------
  Melee: Dagger            ||    51
         Falchion          ||    54
 Armour: Leather armour    ||    32
  Dodge: Dodged            ||    36

Table legend: (Time is in decaauts)
 A = Elapsed time spent in this place.
 B = Non-inter-level travel time spent in this place.
 C = Inter-level travel time spent in this place.
 D = Time resting spent in this place.
 E = Time spent auto-exploring this place.
 F = Levels seen in this place.
 G = Mean time per level.
                   A        B        C        D        E       F      G
               +--------+--------+--------+--------+--------+-----+--------+
         Total |    600 |    582 |     18 |      0 |    441 |   2 |  300.0 |
       Dungeon |    600 |    582 |     18 |      0 |    441 |   2 |  300.0 |
               +--------+--------+--------+--------+--------+-----+--------+

Top non-repeatable levels by time:
     D:1: 484 daAuts
     D:2: 116 daAuts
